 Dungeon Crawl Stone Soup version 0.31.0-11-ge490571c62 (webtiles) character file.

Game seed: 7778899240040558564

1861145 Persephone the Slayer (level 23, 200/200 HPs)
             Began as a Minotaur Gladiator on Feb 2, 2024.
             Was the Champion of Hepliaklqana.
             Escaped with the Orb
             ... and 3 runes on Feb 4, 2024!
             The game lasted 02:03:48 (51739 turns).

Persephone the Slayer (Minotaur Gladiator)         Turns: 51739, Time: 02:03:48

Health: 200/200    AC: 46    Str: 38    XL:     23   Next: 98%
Magic:  35/35      EV: 16    Int:  7    God:    Hepliaklqana [******]
Gold:   754        SH: 24    Dex: 12    Spells: 22/22 levels left

rFire   + + .        o - +18 lance "Wyrmbane" {slay drac, rPois rF+ rC+ AC+3}
rCold   + + .        w - +4 kite shield {rPois}
rNeg    + . .        v - +10 gold dragon scales of Pifung {rPois rF+ rC+ Int+3}
rPois   +            (helmet restricted)
rElec   .            b - +0 cloak {Stlth+}
rCorr   .            L - +1 pair of gloves of a Gauntlet {rN+ Will+ Str+5 Stlth-}
SInv    .            u - +2 pair of boots {Stlth+}
Will    +++..        f - amulet of reflection Stlth
                     S - ring of willpower
HPRegen 0.53/turn    H - ring of flight
MPRegen 0.24/turn

%: reflection
@: flying, hasted, very quick
A: reduced essence, horns 2, retaliatory headbutt, strong 1
0: Orb of Zot
}: 3/15 runes: barnacled, silver, gossamer
a: Renounce Religion, Recall Ancestor, Ancestor Identity, Transference, Idealise


You escaped.
You worshipped Hepliaklqana.
Hepliaklqana was exalted by your worship.
You visited 10 branches of the dungeon, and saw 46 of its levels.
You visited the Abyss 1 time.
You visited 1 bazaar.
You also visited: Gauntlet.

You collected 7593 gold pieces.
You spent 6839 gold pieces at shops.

Inventory:

Hand Weapons
 o - the +18 lance "Wyrmbane" (weapon) {slay drac, rPois rF+ rC+ AC+3}
   (You bought it in a shop on level 4 of the Dungeon)

   AC+3:      It affects your AC (+3).
   rF+:       It protects you from fire.
   rC+:       It protects you from cold.
   rPois:     It protects you from poison
Missiles
 d - 7 throwing nets
 R - a javelin (quivered)
Armour
 b - a +0 cloak of stealth (worn)
 u - a +2 pair of boots of stealth (worn)
 v - the +10 gold dragon scales of Pifung (worn) {rPois rF+ rC+ Int+3}
   (You bought it in a shop on level 5 of the Vaults)

   Int+3:     It affects your intelligence (+3).
   rF+:       It protects you from fire.
   rC+:       It protects you from cold.
   rPois:     It protects you from poison
 w - a +4 kite shield of poison resistance (worn)
 L - the +1 pair of gloves of a Gauntlet (worn) {rN+ Will+ Str+5 Stlth-}
   (You bought it in a shop on level 5 of the Dungeon)

   Str+5:     It affects your strength (+5).
   rN+:       It protects you from negative energy.
   Will+:     It increases your willpower.
   Stlth-:    It makes you less stealthy.
 N - the +0 hat of Gobicziuca {Int+6}
   (You found it in a Gauntlet)

   Int+6:     It affects your intelligence (+6).
Jewellery
 c - an amulet of regeneration
 f - an amulet of reflection (around neck)
 h - a ring of resist corrosion
 x - a ring of magical power
 H - a ring of flight (right hand)
 S - a ring of willpower (left hand)
Wands
 t - a wand of roots (63)
 D - a wand of mindburst (25)
 F - a wand of digging (15)
 I - a wand of quicksilver (16)
 Y - a wand of polymorph (14)
 Z - a wand of charming (16)
Scrolls
 e - 3 scrolls of amnesia
 g - 3 scrolls of teleportation
 i - 3 scrolls of noise
 l - 7 scrolls of fear
 s - 5 scrolls of fog
 C - 2 scrolls of brand weapon
 G - 3 scrolls of silence
 K - a scroll of torment
 P - 5 scrolls of identify
 Q - 2 scrolls of revelation
 T - 7 scrolls of poison
 U - 8 scrolls of enchant weapon
Potions
 a - 4 potions of berserk rage
 j - 9 potions of attraction
 m - 8 potions of ambrosia
 q - 4 potions of might
 r - 10 potions of curing
 z - 4 potions of haste
 A - 4 potions of lignification
 B - 4 potions of resistance
 J - 3 potions of mutation
 M - 3 potions of magic
 O - 4 potions of brilliance
 V - 3 potions of cancellation
 W - 3 potions of invisibility
Miscellaneous
 n - a box of beasts


   Skills:
 - Level 22.0 Fighting
 - Level 16.0 Polearms
 - Level 12.0 Throwing
 - Level 22.0 Armour
 - Level 22.0 Dodging
 + Level 21.6 Shields
 - Level 18.1 Invocations


You had 22 spell levels left.
You didn't know any spells.
Your spell library contained the following spells:

 Spells                   Type           Power      Damage    Failure   Level
 Foxfire                  Conj/Fire      0%         2x1d4     96%         1
 Kiss of Death            Conj/Necr      0%         2d5       96%         1
 Shock                    Conj/Air       0%         1d3       96%         1
 Summon Small Mammal      Summ           0%         N/A       96%         1
 Call Imp                 Summ           0%         N/A       99%         2
 Cigotuvi's Dreadful Rot  Necr/Alch/Air  0%         N/A       99%         2
 Ensorcelled Hibernation  Hex/Ice        0%         N/A       99%         2
 Static Discharge         Conj/Air       0%         3-3/arc   99%         2
 Sublimation of Blood     Necr           0%         N/A       99%         2
 Confusing Touch          Hex            0%         N/A       100%        3
 Frozen Ramparts          Ice            0%         1d1       100%        3
 Inner Flame              Hex/Fire       0%         N/A       100%        3
 Passwall                 Erth           0%         N/A       100%        3
 Swiftness                Air            0%         N/A       100%        3
 Airstrike                Air            0%         2d(0-16)  100%        4
 Anguish                  Hex/Necr       0%         N/A       100%        4
 Animate Dead             Necr           0%         N/A       100%        4
 Cause Fear               Hex            0%         N/A       100%        4
 Dimensional Bullseye     Hex/Tloc       0%         N/A       100%        4
 Dispel Undead            Necr           0%         3d6       100%        4
 Flame Wave               Conj/Fire      0%         2d4       100%        4
 Leda's Liquefaction      Alch/Erth      0%         N/A       100%        4
 Petrify                  Alch/Erth      0%         N/A       100%        4
 Sticky Flame             Fire/Alch      0%         2d4       100%        4
 Summon Lightning Spire   Summ/Air       0%         N/A       100%        4
 Vhi's Electric Charge    Tloc/Air       0%         N/A       100%        4
 Borgnjor's Vile Clutch   Necr/Erth      0%         N/A       100%        5
 Irradiate                Conj/Alch      0%         3d11      100%        5
 Metabolic Englaciation   Hex/Ice        0%         N/A       100%        5
 Death Channel            Necr           0%         N/A       100%        6
 Plasma Beam              Fire/Air       0%         2x1d10    100%        6
 Starburst                Conj/Fire      0%         6d3       100%        6
 Enfeeble                 Hex            0%         N/A       100%        7
 Haunt                    Necr/Summ      0%         N/A       100%        7
 Summon Hydra             Summ           0%         N/A       100%        7
 Borgnjor's Revivificati  Necr           0%         N/A       100%        8
 Ignition                 Fire           0%         3d3       100%        8
 Infestation              Necr           0%         N/A       100%        8
 Maxwell's Capacitive Co  Air            0%         ∞         100%        8


Dungeon Overview and Level Annotations

Branches:
Dungeon (15/15)            Temple (1/1) D:6            Lair (5/5) D:9
 Shoals (4/4) Lair:3       Spider (4/4) Lair:3        Slime (0/5) Lair:5
    Orc (2/2) D:9             Elf (1/3) Orc:2        Vaults (5/5) D:14
  Crypt (0/3) Vaults:2     Depths (4/4) D:15            Zot (5/5) Depths:4
Gauntlet (visited)

Altars:
Ashenzari
Cheibriados
Dithmenos
Elyvilon
Fedhas
Gozag
Hepliaklqana
Kikubaaqudgha
Makhleb
Nemelex Xobeh
Okawaru
Qazlal
Ru
Sif Muna
Trog
Uskayaw
Vehumet
Wu Jian
Xom
Yredelemnul
Zin
The Shining One
Jiyva

Shops:
D:2 *   D:3 *   D:4 (   D:5 (**:(   D:9 =   D:11 =   Orc:1 :   Orc:2 ?*=:
Elf:1 [   Shoals:1 (:   Shoals:2 !   Shoals:3 *   Vaults:1 [   Vaults:3 (
Vaults:5 [?!?[

Portals:
Hell: Depths:1 Depths:3 Depths:4
Abyss: Depths:3
Pandemonium: Depths:3
Ziggurat: Depths:3

Annotations:
D:11 4 transporters
Shoals:4 Bai Suzhen
Vaults:4 2 transporters, TuffENuff's ghost, veteran FoFi


Innate Abilities, Weirdness & Mutations

Your life essence is reduced to manifest your ancestor. (-10% HP)
You have a pair of horns on your head.
You reflexively headbutt those who attack you in melee.
Your muscles are strong. (Str +4, Int/Dex -1)


Message History

The rock shatters into small pieces.
A cherub comes into view.
It is wielding a +2 scimitar of flaming and wearing a +1 buckler of cold resistance.
There is a stone staircase leading up here.
You fly upwards.
There is a stone staircase leading down here.
Okay, then.
Aiming: Dig
Press: ? - help, Shift-Dir - straight line You can't see that place. [the floor.]
The rock shatters into small pieces.
There is a stone staircase leading up here.
You fly upwards.
There is a stone staircase leading down here.
There is a stone staircase leading up here.
You fly upwards.
There is a stone staircase leading down here.
An orange demon comes into view.
There is a stone staircase leading up here.
You fly upwards.
There is a stone staircase leading down here.
There is a stone staircase leading up here.
You fly upwards.
There is a stone staircase leading down here.
Busisiwe is recalled.
Aiming: Dig
Press: ? - help, Shift-Dir - straight line You can't see that place. [a rock wall.]
The rock shatters into small pieces.
Okay, then.
You feel yourself speed up.
Busisiwe gestures at something while chanting.
The bolt of magma hits something!!
Busisiwe casts a spell at something.
The bolt of magma hits something!!
Something hits Busisiwe!!
Busisiwe's magic leaks into the air.
There is a staircase leading out of the dungeon here.
Busisiwe falters for a moment.
You have escaped!

####....................# #.#
..#.......####.#############.#
..................~~≈≈≈≈≈≈##.#
.##....#....§R§...≈.~~≈≈≈≈##.#
....#..#...~§~{......~.~≈≈##.#
..#.#.....≈~..§~≈~~...~.≈≈##.#
..#.##....≈.§§~≈§.~~....~~##.#
...........~§§≈~~§~≈.....~##.#
..........~..≈~~@~≈.....~≈##.#
.....##....~~.~.~≈~.....~≈##.#
.#...#....≈.≈~~.~....~~~~~##.#
.....#......~≈....~~~≈~≈≈≈##.#
.......##..(....~≈≈≈≈≈≈≈≈≈##.#
############################.#
.............................#
###########.##################
#.#


You could see the friendly Busisiwe the battlemage (magic disrupted).

Vanquished Creatures
  3 dread liches
  An ancient lich (Vaults:4)
  An orb of fire (Zot:1)
  A Killer Klown (Zot:5)
  A curse toe (Zot:3)
  5 golden dragons
  A bone dragon (Abyss:1)
  2 electric golems (Zot:5)
  Mlioglotl (Spider:1)
  A walking earthen tome (Depths:3)
  A Hell Sentinel (Zot:5)
  A walking crystal tome (Depths:3)
  13 Orb Guardians (Zot:5)
  5 titans
  A quicksilver dragon (Vaults:4)
  8 tentacled monstrosities
  3 sphinxes
  An ancient champion (Vaults:2)
  2 tengu reavers
  3 tentacled starspawn (Abyss:1)
  8 shadow dragons
  4 storm dragons
  3 protean progenitors
  2 draconian monks
  A deep elf sorcerer (Vaults:4)
  2 emperor scorpions (Spider:3)
  5 frost giants
  A fire giant (Depths:1)
  A draconian shifter (Depths:4)
  A draconian scorcher (Zot:5)
  5 vault wardens
  An iron dragon (Vaults:5)
  A draconian stormcaller (Zot:5)
  Louise (Shoals:2)
  A deep elf elementalist (Elf:1)
  3 spectral caustic shrikes
  4 ghost moths
  A juggernaut zombie (Depths:1)
  2 broodmothers (Zot:2)
  2 formless jellyfish (Vaults:3)
  An orc warlord (Vaults:4)
  11 ironbound preservers
  5 very ugly things
  8 stone giants
  3 ironbound thunderhulks
  3 deep elf death magi
  2 deep elf demonologists (Vaults:5)
  A black draconian (Zot:5)
  2 war gargoyles
  8 dire elephants
  2 minotaurs
  2 deep elf annihilators (Elf:1)
  2 purple draconians
  7 spark wasps
  4 yellow draconians
  6 red draconians
  An eidolon (Depths:2)
  7 ettins
  A crystal guardian (Vaults:3)
  2 entropy weavers
  2 fire dragons
  2 merfolk javelineers
  5 merfolk impalers
  5 spectral golden dragons (Depths:2)
  2 deep elf high priests (Vaults:5)
  19 vault guards
  16 yaktaur captains
  A spectral tengu (Depths:2)
  5 great orbs of eyes
  A rakshasa (Depths:1)
  3 spriggan air magi
  4 peacekeepers
  A spriggan skeleton (Depths:1)
  A spriggan zombie (Depths:1)
  3 ice dragons
  A jorogumo (Spider:2)
  4 hydras
  An ogre mage (Orc:2)
  11 centaur warriors
  7 boulder beetles
  4 ironbound frosthearts
  A merfolk avatar (Shoals:4)
  2 spectral frost giants
  2 spectral fire giants
  4 dancing weapons (Elf:1)
  2 radroaches
  5 two-headed ogres
  3 alligator snapping turtles
  A titan zombie (Depths:1)
  3 deep troll shamans
  3 deep troll earth magi
  4 merfolk aquamancers
  2 tengu warriors
  2 vampire magi (Depths:1)
  2 demonic crawlers
  3 orc high priests (Orc:2)
  A holy swine (Shoals:4)
  16 hell knights
  2 deep elf knights (Elf:1)
  A thrashing horror (Abyss:1)
  A spectral spark wasp (Depths:2)
  2 spriggan berserkers
  A sun demon (Depths:3)
  A skyshark (Shoals:3)
  A skyshark (shapeshifter) (Vaults:5)
  3 skeletal warriors (Vaults:2)
  A titan skeleton (Depths:1)
  A salamander mystic (Depths:1)
  An iron troll (Depths:3)
  2 golden dragon zombies (Depths:1)
  21 deep trolls
  A goliath frog (Zot:2)
  9 sea snakes
  3 deep elf archers (Elf:1)
  2 storm dragon skeletons (Depths:1)
  A sun moth (Spider:2)
  4 pharaoh ants
  A sun moth (shapeshifter) (Depths:3)
  2 arcanists
  2 glowing orange brains (shapeshifter)
  2 cherubim (Shoals:4)
  3 flayed ghosts
  5 orb spiders
  11 ironbound convokers
  11 lindwurms
  3 phantasmal warriors (Vaults:5)
  3 steelbarb worms
  12 deep elf pyromancers
  15 harpies
  6 fauns
  A faun (shapeshifter) (Vaults:5)
  7 deep elf zephyrmancers (Elf:1)
  7 necromancers
  11 ugly things
  3 orc knights
  7 cyclopes
  4 orc sorcerers (Orc:2)
  3 spectral spriggans (Depths:2)
  A manticore (shapeshifter) (Depths:3)
  A steelbarb worm (shapeshifter) (Depths:3)
  18 wolf spiders
  A shining eye (shapeshifter) (Vaults:5)
  A tengu skeleton (Vaults:2)
  3 salamanders (Depths:1)
  4 large abominations (Abyss:1)
  A stone giant skeleton (Vaults:2)
  2 meliai (Spider:3)
  6 moths of wrath
  10 elephants
  A meliai (shapeshifter) (D:14)
  7 manticores
  4 merfolk sirens
  16 slime creatures
  3 torpor snails
  4 cane toads
  2 water nymphs
  5 black mambas
  2 kobold blastminers
  2 smoke demons (Lair:5)
  A titan simulacrum (Depths:1)
  11 vault sentinels
  A guardian serpent (Zot:1)
  An unseen horror (D:12)
  3 gargoyles
  A frost giant skeleton (Vaults:2)
  An orange demon (Abyss:1)
  A kobold demonologist (D:12)
  A centaur skeleton (Abyss:1)
  2 efreet
  A tormentor (Depths:1)
  19 yaktaurs
  7 komodo dragons
  Psyche (D:11)
  2 freezing wraiths (Vaults:5)
  8 human skeletons
  A spectral human (Depths:2)
  6 rime drakes
  An elf skeleton (Vaults:1)
  2 tengu conjurers
  A yaktaur skeleton (Vaults:2)
  3 wind drakes
  A polar bear (Lair:2)
  5 trolls
  2 harpy zombies (Abyss:1)
  A shadow dragon simulacrum (Depths:1)
  A polar bear (shapeshifter) (Depths:4)
  15 tarantellas
  15 blink frogs
  10 merfolk
  A deep troll zombie (Vaults:3)
  3 raiju (Abyss:1)
  3 dream sheep (Lair:5)
  5 snapping turtles
  A fire giant simulacrum (Depths:1)
  17 jumping spiders
  13 culicivoras
  4 shadows
  15 small abominations
  48 yaks
  A ynoxinul (Abyss:1)
  7 basilisks
  A vampire (D:9)
  4 water elementals
  A wyvern (Lair:5)
  3 humans
  2 wraiths
  4 fire elementals
  A golden eye (shapeshifter) (D:15)
  2 steam dragons
  2 wargs
  9 vampire mosquitoes
  38 redbacks
  A neqoxec (Abyss:1)
  A glowing shapeshifter zombie (Depths:1)
  An acid dragon (D:8)
  14 water moccasins
  22 orc warriors
  2 ogre skeletons (Vaults:2)
  2 glowing shapeshifter skeletons
  An ice beast (D:5)
  A sky beast (D:7)
  2 black bears
  An ettin simulacrum (Depths:1)
  3 ogres
  10 wolves
  A boggart (Vaults:2)
  11 centaurs
  A weeping skull (D:3)
  2 brain worms (Abyss:1)
  2 kobold brigands
  15 bullfrogs
  6 gnoll sergeants
  4 scorpions
  6 wights
  16 killer bees
  4 howler monkeys
  2 electric eels (D:9)
  7 hounds
  A gnoll bouda (D:6)
  4 bombardier beetles
  A quasit (Abyss:1)
  15 orc priests
  An iron imp (Abyss:1)
  2 iguanas
  A sleepcap (D:5)
  Ijyb (D:3)
  18 orc wizards
  19 gnolls
  7 adders
  4 white imps
  3 dart slugs
  4 ribbon worms
  44 orcs
  7 endoplasms
  2 giant cockroaches (D:4)
  7 goblins
  4 hobgoblins
  5 jackals
  19 kobolds
  4 quokkas
  4 ball pythons
  5 bats
  2 frilled lizards
  6 rats
  A spectral orc (D:3)
  An aspiring flesh (Zot:2)
  A starspawn tentacle (Abyss:1)
1248 creatures vanquished.

Vanquished Creatures (collateral kills)
  2 dread liches
  An ancient lich (Zot:5)
  2 orbs of fire (Zot:5)
  A juggernaut (Depths:3)
  Boris (Depths:1)
  3 Killer Klowns (Zot:5)
  A golden dragon (Depths:3)
  Jorgrun (Shoals:1)
  A walking crystal tome (Depths:3)
  10 Orb Guardians (Zot:5)
  A lich (Vaults:5)
  Rupert (D:13)
  2 titans
  5 sphinxes
  3 tentacled monstrosities
  A quicksilver dragon (Zot:1)
  An Executioner (Depths:4)
  3 shadow dragons
  2 fire giants
  5 storm dragons
  A protean progenitor (Zot:1)
  A draconian monk (Depths:4)
  3 frost giants
  An iron dragon (Vaults:5)
  An emperor scorpion (Spider:4)
  4 ghost moths
  A balrug (Zot:4)
  A draconian scorcher (Zot:5)
  A vault warden (Vaults:5)
  A draconian shifter (Zot:5)
  A reaper (Depths:1)
  An angel (Shoals:4)
  An orc warlord (Orc:2)
  6 very ugly things
  5 ironbound preservers
  2 formless jellyfish
  2 stone giants (Vaults:5)
  5 ironbound thunderhulks
  A vampire knight (Depths:2)
  7 dire elephants
  A black draconian (Zot:5)
  2 deep elf death magi (Depths:1)
  A deep elf annihilator (Vaults:5)
  A spark wasp (Spider:3)
  A minotaur (Zot:1)
  A red draconian (Zot:5)
  A white draconian (Depths:4)
  An ettin (Depths:3)
  4 merfolk impalers (Shoals:4)
  2 crystal guardians (Vaults:2)
  A merfolk javelineer (Depths:4)
  A fire dragon (Depths:4)
  3 great orbs of eyes
  9 vault guards
  3 entropy weavers
  3 deep elf high priests (Vaults:5)
  A rakshasa (Depths:1)
  3 yaktaur captains (Vaults:5)
  2 ogre magi (Vaults:5)
  4 hydras
  2 ice dragons
  A merfolk avatar (Shoals:2)
  3 ironbound frosthearts
  3 boulder beetles
  A radroach (Spider:4)
  2 spectral fire giants (Depths:2)
  3 two-headed ogres
  3 tengu warriors
  3 merfolk aquamancers (Shoals:4)
  6 centaur warriors
  A dancing weapon (Elf:1)
  A spectral stone giant (Depths:1)
  2 demonic crawlers
  A spectral frost giant (Depths:1)
  A deep troll earth mage (Depths:3)
  2 vampire magi (Depths:1)
  A spriggan berserker (Depths:4)
  2 spriggans (Depths:2)
  A sun demon (Zot:3)
  4 hell knights
  A deep elf knight (Elf:1)
  A soul eater (Depths:2)
  A skyshark (shapeshifter) (Vaults:5)
  A shadow wraith (Vaults:5)
  2 spectral spriggans
  6 sea snakes
  A spectral spark wasp (Depths:1)
  3 pharaoh ants
  A large abomination (D:13)
  An arcanist (Vaults:1)
  2 cherubim
  16 deep trolls
  A glowing orange brain (shapeshifter) (Depths:3)
  A lindwurm (Vaults:1)
  4 orc knights
  4 ironbound convokers
  5 necromancers
  A tengu skeleton (Vaults:3)
  5 deep elf pyromancers
  A deep elf zephyrmancer (Elf:1)
  2 steelbarb worms (Spider:2)
  7 wolf spiders
  9 harpies
  5 ugly things
  A salamander (Depths:1)
  4 fauns
  A steelbarb worm (shapeshifter) (Depths:3)
  2 cyclopes
  4 manticores
  5 moths of wrath
  2 elephants (Lair:3)
  4 merfolk sirens
  3 meliai
  3 guardian serpents (Zot:1)
  A torpor snail (Spider:1)
  A gargoyle (D:13)
  2 human skeletons
  A kobold blastminer (Orc:1)
  8 vault sentinels
  A water nymph (Shoals:4)
  A black mamba (shapeshifter) (D:13)
  An unseen horror (D:11)
  A komodo dragon (Lair:1)
  A kobold demonologist (D:12)
  An efreet (D:15)
  9 yaktaurs
  3 tengu conjurers
  3 trolls
  16 merfolk
  2 wind drakes
  A tengu simulacrum (Vaults:1)
  3 hornets
  9 blink frogs
  3 snapping turtles
  4 glass eyes
  7 tarantellas
  A stone giant simulacrum (Depths:1)
  3 dream sheep
  4 jumping spiders
  A raiju (Abyss:1)
  3 slime creatures (Vaults:2)
  9 water elementals
  5 culicivoras
  A vampire (D:12)
  3 fire elementals
  9 yaks
  3 humans
  A vampire mosquito (D:11)
  15 redbacks
  5 water moccasins
  7 orc warriors
  2 boggarts (Vaults:2)
  A battlemage (Spider:3)
  2 ogres
  A wolf (Lair:1)
  3 centaurs
  A bullfrog (D:9)
  A glowing shapeshifter simulacrum (Depths:1)
  A scorpion (Lair:3)
  A small abomination (Abyss:1)
  2 wights (D:8)
  A killer bee (D:10)
  2 electric eels
  4 orc priests
  3 orc wizards
  3 gnolls
  16 orcs
  A starspawn tentacle (Abyss:1)
485 creatures vanquished.

Vanquished Creatures (others)
  2 death cobs (Zot:1)
  A shadow dragon (Zot:1)
  2 protean progenitors (Zot:1)
  A fire giant (Depths:1)
  2 draconian knights
  A draconian scorcher (Zot:1)
  A draconian shifter (Zot:1)
  2 draconian annihilators (Zot:1)
  2 broodmothers (Zot:1)
  A draconian stormcaller (Zot:1)
  A yellow draconian (Zot:1)
  A green draconian (Zot:1)
  2 black draconians (Zot:1)
  A purple draconian (Zot:1)
  4 red draconians (Zot:1)
  2 ettins (Zot:1)
  A white draconian (Zot:1)
  A deep elf pyromancer (Elf:1)
  A manticore (Shoals:1)
  3 moths of wrath (Zot:1)
  A merfolk (Shoals:4)
  An ogre (Vaults:5)
  A kobold brigand (D:12)
  57 battlemagi
  An orc wizard (D:6)
  3 ancestors
  An orc (D:9)
  8 starspawn tentacles (Abyss:1)
105 creatures vanquished.

Grand Total: 1838 creatures vanquished

Notes
Turn   | Place    | Note
-------+----------+-------------------------------------------
     0 | D:1      | Persephone the Minotaur Gladiator began the quest for the
                  | Orb.
     0 | D:1      | Reached XP level 1. HP: 18/18 MP: 0/0
   218 | D:1      | Reached XP level 2. HP: 22/25 MP: 1/1
  1050 | D:2      | Reached XP level 3. HP: 19/30 MP: 2/2
  1147 | D:2      | Reached skill level 5 in Polearms
  1350 | D:2      | Found Afoecrir's Assorted Antiques.
  1363 | D:2      | Bought a buckler for 72 gold pieces
  1445 | D:2      | Reached skill level 1 in Shields
  1638 | D:3      | Reached XP level 4. HP: 29/37 MP: 3/3
  1962 | D:3      | Found a hide-covered altar of Uskayaw.
  1973 | D:3      | Noticed Ijyb
  1988 | D:3      | Killed Ijyb
  2148 | D:3      | Found Gozag's Platinum Reserve.
  2170 | D:3      | Found a basalt altar of Yredelemnul.
  2170 | D:3      | Noticed a weeping skull
  2191 | D:3      | Killed a weeping skull
  2192 | D:3      | Reached XP level 5. HP: 40/42 MP: 4/4
  2220 | D:3      | Found an opulent altar of Gozag.
  2414 | D:4      | Identified the +1 ring mail of the Gusle {Rampage rC+
                  | Regen+ MP+9}
  2511 | D:4      | Found a stormy altar of Qazlal.
  2576 | D:4      | Found Ebank's Weapon Emporium.
  2675 | D:4      | Reached XP level 6. HP: 41/50 MP: 5/5
  2796 | D:4      | Identified the +2 robe of Lugonu's Benevolence {rF+ rC+}
  2806 | D:4      | Found a blossoming altar of Fedhas.
  2936 | D:5      | Entered Level 5 of the Dungeon
  2936 | D:5      | Found Sotsidd's Weapon Shop.
  2956 | D:5      | Found Ozosisseo's Book Boutique.
  3050 | D:5      | Found a white marble altar of Elyvilon.
  3064 | D:5      | Found a shadowy altar of Dithmenos.
  3104 | D:5      | Found Socairy's Assorted Antiques.
  3299 | D:5      | Reached skill level 5 in Shields
  3369 | D:5      | Reached XP level 7. HP: 56/56 MP: 6/6
  3401 | D:5      | Found Dawetim's Antique Weapon Emporium.
  3442 | D:5      | Found Rystaanu's Assorted Antiques.
  3994 | D:6      | Found a staircase to the Ecumenical Temple.
  4267 | D:6      | Reached skill level 10 in Polearms
  4317 | D:6      | Identified the +1 scale mail "Qugay" {rC+ Int-2 SInv}
  4384 | D:6      | Reached XP level 8. HP: 51/62 MP: 7/7
  4556 | D:6      | Found a hazy altar of Hepliaklqana.
  4588 | D:6      | Found a sparkling altar of Nemelex Xobeh.
  4697 | D:6      | Found a shimmering blue altar of Sif Muna.
  4734 | D:6      | Got Sif Muna's Spellbook of the Entourage
  4740 | D:6      | Found an ancient bone altar of Kikubaaqudgha.
  4756 | D:6      | Found a radiant altar of Vehumet.
  4879 | Temple   | Entered the Ecumenical Temple
  4972 | D:6      | Became a worshipper of Hepliaklqana the Forgotten
  5269 | D:7      | Identified the +8 war axe "Yseway" {pain, ^Contam rN+ Str+2
                  | Dex+3}
  5879 | D:8      | Noticed a hornet
  5903 | D:8      | Killed a hornet
  5904 | D:8      | Reached XP level 9. HP: 23/68 MP: 8/8
  6040 | D:8      | Reached * piety under Hepliaklqana
  6601 | D:9      | Found a staircase to the Orcish Mines.
  6622 | D:9      | HP: 3/61 [orc warrior/+0 war axe (9)]
  6687 | D:9      | Reached skill level 15 in Polearms
  6748 | D:9      | Noticed a troll
  6752 | D:9      | HP: 1/61 [electric eel/bolt of electricity (12)]
  6826 | D:8      | Identified a scroll of acquirement
  6826 | D:8      | Acquired 760 gold pieces
  6922 | D:4      | Bought the +8 lance "Wyrmbane" {slay drac, rPois rF+ rC+
                  | AC+3} for 1050 gold pieces
  6922 | D:4      | Found the +8 lance "Wyrmbane" {slay drac, rPois rF+ rC+
                  | AC+3}
  7027 | D:9      | Killed a troll
  7069 | D:9      | Reached skill level 1 in Armour
  7090 | D:9      | Reached skill level 1 in Invocations
  7090 | D:9      | Reached XP level 10. HP: 69/69 MP: 9/9
  7117 | D:9      | Noticed a gargoyle
  7135 | D:9      | Killed a gargoyle
  7284 | D:9      | Noticed a gargoyle
  7293 | D:9      | Killed a gargoyle
  7294 | D:9      | Reached skill level 5 in Dodging
  7342 | D:9      | Noticed a two-headed ogre
  7348 | D:9      | Killed a two-headed ogre
  7349 | D:9      | Reached skill level 5 in Fighting
  7414 | D:9      | Found a glowing golden altar of the Shining One.
  7449 | D:9      | Reached skill level 5 in Armour
  7576 | D:9      | Identified the ring "Yqerch" {rC- AC+4 Str+7}
  7605 | D:9      | Found Rocvecig's Jewellery Emporium.
  7655 | D:9      | Got the Excursus on the Sky
  7675 | D:9      | Noticed a manticore
  7705 | D:9      | Found a staircase to the Lair.
  7712 | D:9      | Killed a manticore
  7729 | D:9      | Reached XP level 11. HP: 80/80 MP: 13/13
  7891 | D:10     | Entered Level 10 of the Dungeon
  7891 | D:10     | Reached ** piety under Hepliaklqana
  7892 | D:10     | Remembered your ancestor Busisiwe as a battlemage
  8330 | D:10     | Reached skill level 5 in Invocations
  8640 | D:10     | Found an iron altar of Okawaru.
  8754 | D:10     | Identified the +1 quarterstaff of Saltpetre {freeze, rC+
                  | rN+ Str+3}
  9099 | D:11     | Noticed Psyche
  9104 | D:11     | Killed Psyche
  9151 | D:11     | Reached *** piety under Hepliaklqana
  9247 | D:11     | Found a transporter.
  9252 | D:11     | Found a transporter.
  9254 | D:11     | Found a transporter.
  9289 | D:11     | Found Noddeth's Jewellery Shop.
  9479 | D:11     | Noticed a two-headed ogre
  9484 | D:11     | Killed a two-headed ogre
  9530 | D:11     | Found a transporter.
  9592 | D:11     | You fall into a shaft and drop 2 floors!
  9807 | D:13     | Noticed a boulder beetle
  9827 | D:13     | Killed a boulder beetle
  9828 | D:13     | Reached XP level 12. HP: 92/92 MP: 16/16
  9840 | D:13     | Noticed a tengu warrior
  9852 | D:13     | Killed a tengu warrior
  9924 | D:13     | Noticed a tengu warrior
  9938 | D:13     | Killed a tengu warrior
 10401 | D:5      | Bought a pair of twisted gloves for 294 gold pieces
 10401 | D:5      | Identified the +1 pair of gloves of a Gauntlet {rN+ Will+
                  | Str+5 Stlth-} (You bought it in a shop on level 5 of the
                  | Dungeon)
 10553 | Lair:1   | Entered Level 1 of the Lair of Beasts
 10654 | Lair:1   | Found a gate leading to a gauntlet.
 10685 | Gauntlet | Entered a Gauntlet
 10685 | Gauntlet | Found a transporter.
 10701 | Gauntlet | Found a transporter.
 10711 | Gauntlet | Found a transporter.
 10716 | Gauntlet | Found a transporter.
 10736 | Gauntlet | Found a transporter.
 10751 | Gauntlet | Found a transporter.
 10774 | Gauntlet | Found a transporter.
 10776 | Gauntlet | Noticed a great orb of eyes
 10780 | Gauntlet | Found a transporter.
 10794 | Gauntlet | Found a large runed translucent door.
 10796 | Gauntlet | Found a large runed translucent door.
 10797 | Gauntlet | Found a large runed translucent door.
 10799 | Gauntlet | Found a runed translucent gate.
 10801 | Gauntlet | Found a transporter.
 10801 | Gauntlet | Found a runed translucent gate.
 10802 | Gauntlet | Found a runed translucent gate.
 10803 | Gauntlet | Found a large runed translucent door.
 10805 | Gauntlet | Found a large runed translucent door.
 10807 | Gauntlet | Found a large runed translucent door.
 10811 | Gauntlet | Noticed a ghost crab
 10815 | Gauntlet | Found a transporter.
 10827 | Gauntlet | Found a transporter.
 10845 | Gauntlet | Found a transporter.
 10862 | Gauntlet | Found a transporter.
 10864 | Gauntlet | Found a transporter.
 10999 | Gauntlet | Found a large runed translucent door.
 11000 | Gauntlet | Found a large runed translucent door.
 11000 | Gauntlet | Found a large runed translucent door.
 11000 | Gauntlet | Found a runed translucent door.
 11002 | Gauntlet | Found a large runed translucent door.
 11004 | Gauntlet | Found a large runed translucent door.
 11006 | Gauntlet | Found a transporter.
 11008 | Gauntlet | Found a transporter.
 11029 | Gauntlet | Found a large runed translucent door.
 11030 | Gauntlet | Found a large runed translucent door.
 11030 | Gauntlet | Found a large runed translucent door.
 11030 | Gauntlet | Found a runed translucent door.
 11032 | Gauntlet | Found a large runed translucent door.
 11034 | Gauntlet | Found a large runed translucent door.
 11147 | Gauntlet | Found a transporter.
 11176 | Gauntlet | Found a transporter.
 11227 | Gauntlet | Identified the staff "Guthot" {Conj Necro}
 11258 | Gauntlet | Killed a great orb of eyes
 11278 | Gauntlet | Identified the +0 hat of Gobicziuca {Int+6}
 11331 | Gauntlet | Noticed a minotaur
 11345 | Gauntlet | Killed a minotaur
 11346 | Gauntlet | Reached skill level 10 in Fighting
 11753 | Lair:1   | Reached **** piety under Hepliaklqana
 12087 | Lair:1   | Reached skill level 10 in Armour
 12275 | Lair:1   | Reached skill level 10 in Dodging
 12554 | Lair:2   | Reached XP level 13. HP: 98/102 MP: 18/18
 13131 | Lair:2   | Reached ***** piety under Hepliaklqana
 13461 | Lair:3   | Found a hole to the Spider Nest.
 13585 | Lair:3   | Found a staircase to the Shoals.
 14184 | Lair:4   | You fall into a shaft and drop 1 floor!
 14184 | Lair:5   | Entered Level 5 of the Lair of Beasts
 14324 | Lair:5   | Found a viscous altar of Jiyva.
 14324 | Lair:5   | Found a staircase to the Slime Pits.
 14512 | Lair:5   | Reached skill level 10 in Invocations
 14858 | Lair:5   | Reached XP level 14. HP: 91/114 MP: 20/20
 14976 | Abyss:1  | Cast into level 1 of the Abyss (spriggan)
 15047 | Abyss:1  | Gained mutation: You are clumsy. (Dex -2) [a neqoxec]
 15049 | Abyss:1  | Noticed a bone dragon
 15067 | Abyss:1  | Found a corrupted altar of Lugonu.
 15150 | Abyss:1  | Killed a bone dragon
 15151 | Abyss:1  | Found a corrupted altar of Lugonu.
 15439 | Abyss:1  | Found a corrupted altar of Lugonu.
 15448 | Abyss:1  | Noticed a tentacled starspawn
 15477 | Abyss:1  | Killed a tentacled starspawn
 15532 | Abyss:1  | Found a hazy altar of Hepliaklqana.
 15684 | Abyss:1  | Noticed an angel
 15811 | Abyss:1  | Noticed a tentacled starspawn
 15825 | Abyss:1  | Killed a tentacled starspawn
 15897 | Abyss:1  | Noticed a tentacled starspawn
 15904 | Abyss:1  | Noticed a red very ugly thing
 15907 | Abyss:1  | Noticed a red very ugly thing
 15915 | Abyss:1  | Killed a tentacled starspawn
 15924 | Lair:5   | Escaped the Abyss
 16197 | Lair:4   | Reached ****** piety under Hepliaklqana
 16603 | Lair:4   | Identified the +7 war axe "Acarineslayer" {speed, MP+9
                  | Stlth+}
 17123 | D:5      | Bought a glowing cloak for 217 gold pieces
 17213 | Orc:1    | Entered Level 1 of the Orcish Mines
 17601 | Orc:1    | Found Codum's Book Emporium.
 17745 | Orc:2    | Entered Level 2 of the Orcish Mines
 17886 | Orc:2    | Noticed an orc warlord
 17907 | Orc:2    | Killed an orc warlord
 18134 | Orc:2    | Found a staircase to the Elven Halls.
 18206 | Orc:2    | Reached XP level 15. HP: 45/124 MP: 22/22
 18334 | Orc:2    | Found Fuewkamu's Magic Scroll Shoppe.
 18334 | Orc:2    | Found Riptuuc's Book Boutique.
 18337 | Orc:2    | Found Jyamom's General Store.
 18337 | Orc:2    | Found Zeaqoh's Jewellery Boutique.
 19323 | D:13     | Found a runed translucent door.
 19631 | D:13     | Noticed Rupert
 19638 | D:13     | Killed Rupert
 19963 | D:13     | Noticed a tentacled monstrosity
 19974 | D:13     | Killed a tentacled monstrosity
 20323 | D:2      | Bought a glowing chain mail for 120 gold pieces
 20634 | Shoals:1 | Entered Level 1 of the Shoals
 20927 | Shoals:1 | Reached skill level 15 in Fighting
 20953 | Shoals:1 | Noticed Jorgrun
 20962 | Shoals:1 | Killed Jorgrun
 20999 | Shoals:1 | Found Pegru's Antique Weapon Shop.
 21146 | Shoals:1 | Reached skill level 15 in Armour
 21474 | Shoals:1 | Found Rusicui's Book Shop.
 21853 | Shoals:2 | Noticed Louise
 21876 | Shoals:2 | Killed Louise
 21910 | Shoals:2 | Found Nunamira's Distillery.
 22217 | Shoals:2 | Reached XP level 16. HP: 126/134 MP: 24/24
 22785 | Shoals:3 | Found Qeiciryu's Specific Store.
 22791 | Shoals:3 | Found Jekk's General Store.
 22810 | Shoals:3 | Bought a scroll of teleportation for 36 gold pieces
 23047 | Shoals:3 | Reached skill level 15 in Dodging
 23306 | Shoals:4 | Entered Level 4 of the Shoals
 23393 | Shoals:4 | Noticed Bai Suzhen
 23659 | Shoals:4 | Identified the +3 sling of Kocsiodgh {elec, rC+}
 24414 | Shoals:4 | Found a glowing silver altar of Zin.
 24438 | Shoals:4 | Got Sif Muna's Codex of the Watchman
 24544 | Shoals:4 | Got a barnacled rune of Zot
 24977 | Spider:1 | Entered Level 1 of the Spider Nest
 24977 | Spider:1 | Noticed Mlioglotl
 24986 | Spider:1 | Killed Mlioglotl
 25127 | Spider:1 | Found a glacial archway.
 25679 | Spider:1 | Reached XP level 17. HP: 144/144 MP: 26/26
 28572 | Spider:4 | Entered Level 4 of the Spider Nest
 28702 | Spider:4 | Reached skill level 15 in Invocations
 29437 | Spider:4 | Got a gossamer rune of Zot
 29477 | Spider:4 | Reached XP level 18. HP: 154/154 MP: 28/28
 30070 | D:14     | Found a gate to the Vaults.
 30389 | D:14     | Found an iron altar of Okawaru.
 30649 | Vaults:1 | Entered Level 1 of the Vaults
 30849 | Vaults:1 | Found Gocinuba's Antique Armour Emporium.
 30915 | Vaults:1 | Bought a shiny kite shield for 240 gold pieces
 30915 | Vaults:1 | Bought a pair of brightly glowing gloves for 304 gold
                  | pieces
 30915 | Vaults:1 | Identified the +0 pair of gloves of Winter {rElec Str+3}
                  | (You bought it in a shop on level 1 of the Vaults)
 31267 | Vaults:1 | Reached skill level 10 in Shields
 32705 | Vaults:2 | Reached XP level 19. HP: 139/163 MP: 30/30
 34076 | Vaults:2 | Found a staircase to the Crypt.
 34254 | Vaults:3 | Found a crumbling gateway.
 34947 | Vaults:3 | Found Saipu's Weapon Shop.
 35230 | Vaults:4 | Found a flickering gateway to a bazaar.
 35244 | Bazaar   | Entered a bazaar
 35266 | Bazaar   | Found Riwuf's Antique Weapon Boutique.
 35283 | Bazaar   | Found Daeraj's Magic Scroll Shop.
 35314 | Bazaar   | Found Wedugug's Antique Armour Shop.
 35331 | Bazaar   | Found Izxadod's Armour Boutique.
 35348 | Bazaar   | Found Cuschiewn's General Store.
 35386 | Bazaar   | Bought a potion of cancellation for 88 gold pieces
 35386 | Bazaar   | Bought 3 scrolls of identify for 66 gold pieces
 35386 | Bazaar   | Bought a scroll of revelation for 82 gold pieces
 35439 | Bazaar   | Bought a scroll of fear for 52 gold pieces
 35439 | Bazaar   | Bought a scroll of fear for 52 gold pieces
 35922 | Vaults:4 | Identified the +14 chain mail "Zoece" {-Tele rElec rN+
                  | Will+}
 36238 | Vaults:4 | Found a transporter.
 36241 | Vaults:4 | Found a bloodstained altar of Trog.
 36241 | Vaults:4 | Noticed TuffENuff's ghost (veteran FoFi)
 36250 | Vaults:4 | Found a transporter.
 37012 | Orc:2    | Bought a scroll of teleportation for 42 gold pieces
 37012 | Orc:2    | Bought a scroll of revelation for 105 gold pieces
 37012 | Orc:2    | Bought a scroll of enchant armour for 105 gold pieces
 37018 | Orc:2    | Bought a potion of mutation for 120 gold pieces
 37018 | Orc:2    | Bought a scroll of fear for 60 gold pieces
 37018 | Orc:2    | Bought a scroll of fog for 60 gold pieces
 37018 | Orc:2    | Bought a potion of haste for 150 gold pieces
 37018 | Orc:2    | Bought 2 scrolls of fear for 120 gold pieces
 37261 | Shoals:2 | Bought a potion of mutation for 104 gold pieces
 37261 | Shoals:2 | Bought a potion of curing for 39 gold pieces
 37261 | Shoals:2 | Bought a potion of might for 52 gold pieces
 37261 | Shoals:2 | Bought a potion of mutation for 104 gold pieces
 37261 | Shoals:2 | Bought a potion of heal wounds for 65 gold pieces
 37458 | D:5      | Bought a scroll of silence for 294 gold pieces
 37458 | D:5      | Bought a potion of heal wounds for 155 gold pieces
 37458 | D:5      | Bought a sapphire potion for 27 gold pieces
 37846 | Vaults:5 | Entered Level 5 of the Vaults
 37867 | Vaults:4 | Reached XP level 20. HP: 171/173 MP: 31/31
 38540 | Vaults:5 | Noticed a golden dragon
 38546 | Vaults:5 | Killed a golden dragon
 38635 | Vaults:5 | Noticed an ancient lich
 38648 | Vaults:4 | Killed an ancient lich
 38764 | Vaults:5 | Noticed a dread lich
 38772 | Vaults:5 | Killed a dread lich
 38914 | Vaults:5 | Found Qiodyat's Armour Boutique.
 38998 | Vaults:5 | Noticed a golden dragon
 39010 | Vaults:5 | Killed a golden dragon
 39379 | Vaults:5 | Noticed a golden dragon
 39393 | Vaults:5 | Killed a golden dragon
 39416 | Vaults:5 | Found Piap's Distillery.
 39637 | Vaults:5 | Found Zumuttes's Antique Armour Shoppe.
 39664 | Vaults:5 | Reached XP level 21. HP: 172/183 MP: 32/32
 39713 | Vaults:5 | Found Uzxi's Magic Scroll Boutique.
 39845 | Vaults:5 | Found Oridadue's Magic Scroll Shop.
 40128 | Vaults:5 | Got a silver rune of Zot
 40603 | Elf:1    | Entered Level 1 of the Elven Halls
 40758 | Elf:1    | Found a shimmering blue altar of Sif Muna.
 41070 | Elf:1    | Reached skill level 15 in Shields
 41229 | Elf:1    | Found Kaheel's Antique Armour Shop.
 41685 | D:15     | Entered Level 15 of the Dungeon
 41795 | D:15     | Found a staircase to the Depths.
 42343 | Depths:1 | Entered Level 1 of the Depths
 42725 | Depths:1 | Noticed Boris
 42746 | Depths:1 | Killed Boris
 42783 | Depths:1 | Found a flickering gateway to a bazaar.
 42802 | Depths:1 | Found a hide-covered altar of Uskayaw.
 42991 | Depths:1 | Found an ancient bone altar of Kikubaaqudgha.
 43215 | Depths:1 | Reached skill level 5 in Throwing
 43380 | Depths:1 | Identified the +4 quarterstaff of the Orb {flame, rElec
                  | rPois Will+ rCorr}
 43547 | Depths:1 | Found a gateway to Hell.
 43995 | Vaults:5 | Bought the +10 gold dragon scales of Pifung {rPois rF+ rC+
                  | Int+3} for 2564 gold pieces
 44842 | Depths:2 | Reached XP level 22. HP: 193/193 MP: 34/34
 44910 | Depths:3 | Found a one-way gateway to a ziggurat.
 45051 | Depths:3 | Found a one-way gate to the infinite horrors of the Abyss.
 45285 | Depths:3 | Found a one-way gate leading to the halls of Pandemonium.
 45360 | Depths:3 | Noticed a dread lich
 45372 | Depths:3 | Killed a dread lich
 45527 | Depths:3 | Noticed a golden dragon
 45853 | Depths:3 | Identified the +6 orcbow of Icvuro {heavy, rF+ rN++ Dex-5
                  | Stlth+}
 45902 | Depths:3 | Noticed a juggernaut
 45909 | Depths:3 | Killed a juggernaut
 46597 | Depths:3 | Killed a golden dragon
 46760 | Depths:4 | Entered Level 4 of the Depths
 47662 | Depths:4 | Identified the +4 falchion "Lydezud" {flame, Str+8 Dex-2}
 47683 | Depths:4 | Noticed a golden dragon
 47683 | Depths:4 | Noticed a golden dragon
 47688 | Depths:4 | Reached skill level 10 in Throwing
 47690 | Depths:4 | Found a gate to the Realm of Zot.
 47692 | Depths:4 | Killed a golden dragon
 47701 | Depths:4 | Killed a golden dragon
 48210 | Zot:1    | Entered Level 1 of the Realm of Zot
 48541 | Zot:1    | Noticed an orb of fire
 48567 | Zot:1    | Gained mutation: Your body sometimes deteriorates upon
                  | taking damage. [an orb of fire]
 48569 | Zot:1    | Killed an orb of fire
 48570 | Zot:1    | Reached XP level 23. HP: 80/199 MP: 35/35
 48571 | Zot:1    | Lost mutation: Your body sometimes deteriorates upon taking
                  | damage. [potion of mutation]
 48571 | Zot:1    | Lost mutation: You are clumsy. (Dex -2) [potion of
                  | mutation]
 48571 | Zot:1    | Gained mutation: Your body sometimes deteriorates upon
                  | taking damage. [potion of mutation]
 48571 | Zot:1    | Gained mutation: Your spells are a little harder to cast,
                  | but a little more powerful. [potion of mutation]
 48571 | Zot:1    | Gained mutation: Your system is resistant to poisons.
                  | (rPois) [potion of mutation]
 48572 | Zot:1    | Lost mutation: Your system is resistant to poisons. (rPois)
                  | [potion of mutation]
 48572 | Zot:1    | Lost mutation: Your spells are a little harder to cast, but
                  | a little more powerful. [potion of mutation]
 48572 | Zot:1    | Gained mutation: You are somewhat resistant to further
                  | mutation. [potion of mutation]
 48573 | Zot:1    | Lost mutation: You are somewhat resistant to further
                  | mutation. [potion of mutation]
 48573 | Zot:1    | Lost mutation: Your body sometimes deteriorates upon taking
                  | damage. [potion of mutation]
 48573 | Zot:1    | Gained mutation: You occasionally shout uncontrollably at
                  | your foes. [potion of mutation]
 48574 | Zot:1    | Lost mutation: You occasionally shout uncontrollably at
                  | your foes. [potion of mutation]
 48574 | Zot:1    | Gained mutation: You have a pair of large horns on your
                  | head. [potion of mutation]
 48574 | Zot:1    | Gained mutation: You are vulnerable to heat. (rF-) [potion
                  | of mutation]
 48575 | Zot:1    | Lost mutation: You are vulnerable to heat. (rF-) [potion of
                  | mutation]
 48575 | Zot:1    | Lost mutation: You have a pair of large horns on your head.
                  | [potion of mutation]
 48575 | Zot:1    | Gained mutation: Your muscles are strong. (Str +4, Int/Dex
                  | -1) [potion of mutation]
 49075 | Zot:1    | Noticed a curse toe
 49389 | Zot:3    | Noticed a curse toe
 49411 | Zot:3    | Killed a curse toe
 49482 | Zot:5    | Entered Level 5 of the Realm of Zot
 50098 | Zot:5    | Noticed an orb of fire
 50103 | Zot:5    | Noticed a Killer Klown
 50117 | Zot:5    | Killed an orb of fire
 50130 | Zot:5    | Killed a Killer Klown
 50256 | Zot:5    | Noticed a dread lich
 50273 | Zot:5    | Killed a dread lich
 50276 | Zot:5    | Noticed an ancient lich
 50279 | Zot:5    | Killed a dread lich
 50290 | Zot:5    | Killed an ancient lich
 50319 | Zot:5    | Noticed a Killer Klown
 50392 | Zot:5    | Killed a Killer Klown
 50631 | Zot:5    | Noticed a dread lich
 50647 | Zot:5    | Killed a dread lich
 50948 | Zot:5    | Noticed a Killer Klown
 50972 | Zot:5    | Killed a Killer Klown
 51142 | Zot:5    | Noticed a Killer Klown
 51153 | Zot:5    | Killed a Killer Klown
 51170 | Zot:5    | Got the Orb of Zot
 51198 | Zot:5    | Noticed an orb of fire
 51212 | Zot:5    | Killed an orb of fire
 51246 | Zot:5    | Noticed an ancient lich
 51385 | Zot:1    | Noticed Nafyocezi the pandemonium lord
 51739 | D:$      | Escaped with the Orb!

Illustrated notes

Levels and vault maps discovered:
D:1:      dpeg_arrival_more_subterranean_lakeside_camping, layout_basic
D:2:      layout_basic, serial_shops, shop
D:3:      layout_basic, general_overflow_altar,
          yredelemnul_forgotten_temple_becter, nicolae_gozag_zags_fifth_avenue,
          uniq_ijyb
D:4:      layout_rooms, grunt_qazlal_clouds, fedhas_altar_3, serial_shops, shop,
          minmay_joined_circles
D:5:      layout_cave_pods, nicolae_dithmenos_through_a_glass_darkly,
          elyvilon_altar_4, serial_shops, nicolae_shop_waterfront, shop,
          nicolae_shop_pleasant_corner_grove, nicolae_shop_stone, shop
D:6:      layout_cave_pools, palyth_temple_overflow_mages,
          mainiacjoe_overflow_two_lobes, minmay_temple_entry_large_hall,
          mrwooster_statue_mirror
D:7:      layout_gridville
D:8:      layout_cave_pods
D:9:      cheibrodos_ideogram_h, layout_rooms, lemuel_tele_altar,
          erik_lair_island, serial_shops, nicolae_shop_pleasant_corner_grove
D:10:     layout_layer_cave, lemuel_crystal_altar,
          hangedman_abyss_or_decor_lesser_grid
D:11:     layout_roguey, serial_shops, shop_statue, hex_medium,
          nicolae_transporter_circle, uniq_psyche
D:12:     layout_roguey, nicolae_lava_and_water, kennysheep_generic_room_9
D:13:     cheibrodos_body_horror, layout_long_grid, uniq_rupert
D:14:     layout_roguey, hellmonk_vaults_keyhole, okawaru_trees_2,
          ebering_dispersal_statue_hall, minmay_misc_feat_doors
D:15:     hangedman_depths_entry_civil_slaughter, layout_grid_maze
Temple:   nicolae_temple_two_arcs
Lair:1:   layout_layer_cave, gauntlet_entry_generic
Lair:2:   layout_cave_pods
Lair:3:   layout_long_grid, minmay_shoals_entry_centaurs,
          nicolae_spider_entry_lesser_pyramids
Lair:4:   layout_long_grid, grunt_megastairs_4
Lair:5:   hellmonk_lair_end_abyssal_woods, layout_cave_shapes, slime_entry_1,
          serial_bayou, serial_bayou_crossing, serial_bayou_shore_b,
          serial_bayou_pond_d, serial_bayou_ford_a, minmay_lair_drake_nest
Shoals:1: layout_shoals, serial_shops, nicolae_shop_tiny_waterfront,
          nicolae_shoals_circle_sea_wall, nicolae_shoals_c_island, uniq_jorgrun
Shoals:2: layout_shoals, serial_shops, shop, uniq_louise
Shoals:3: layout_shoals, nicolae_specific_store, nzn_prometheus_bound
Shoals:4: shoals_end_hellmonk_holy_island, serial_shops, uniq_bai_suzhen
Spider:1: layout_cave_pods, portal_ice_cave_entry_pillars_1,
          hellmonk_watch_for_rolling_rocks, uniq_mlioglotl
Spider:2: layout_spider_delve
Spider:3: layout_spider_delve
Spider:4: grunt_spider_rune_parallel, drop_trap, uniq_aizul
Orc:1:    layout_caves, serial_shops, shop
Orc:2:    grunt_orc_tribal_feast, layout_caves, basic_altar
Elf:1:    minmay_elf_arrival_summoners, layout_geoelf_diagonals, serial_shops,
          nicolae_shop_tiny_glass, basic_altar, nicolae_elf_blasts_and_bolts
Vaults:1: hangedman_vaults_unwind, nicolae_vaults_offset_grid_hallway_1,
          nicolae_vaults_big_ls, nicolae_vaults_theta, v_misc_25,
          vaults_dpeg_diagonal, nicolae_vaults_six-pack, grunt_vaults_diagonal,
          nicolae_vaults_closet_pinwheel_4, nicolae_vaults_house_1,
          hangedman_vaults_cutoff, nicolae_vaults_house_3,
          layout_vaults_omnicross, serial_shops, nicolae_shop_dealshenge
Vaults:2: nicolae_vaults_ninety_degrees, minmay_crypt_entry_skeletal_spiral,
          nicolae_vaults_little_ls, vaults_mumra_hex,
          nicolae_vaults_windows_and_doors_thing,
          nicolae_vaults_storage_closets_2,
          nicolae_vaults_offset_grid_hallway_1, vaults_room_door_hall,
          special_room_vaults [special_room_orc], layout_vaults_omnigrid
Vaults:3: portal_desolation_entry_ruin, v_alt_pattern_2,
          nicolae_vaults_what_the_h, vaults_room_corners,
          vaults_mumra_chevron_long, v_misc_19, vaults_room_corners, v_misc_22,
          nicolae_vaults_little_squares_5, v_misc_26, nicolae_vaults_network_s,
          nicolae_vaults_little_squares_5, layout_vaults_maze_snakey,
          serial_shops, shop
Vaults:4: gammafunk_ghost_wrathful_warriors, nicolae_vaults_back_hallway,
          nicolae_vaults_oval_intersection, nicolae_vaults_octothorpe,
          nicolae_vaults_tangram_2, nicolae_vaults_diagonal_hallway_6,
          nicolae_vaults_closet_pinwheel_2, nicolae_vaults_house_1,
          nicolae_vaults_prndl, vaults_room_door_hall,
          nicolae_vaults_trapezoid_2, nicolae_vaults_little_squares_4,
          nicolae_vaults_door_testing_chamber, nicolae_vaults_tetromino_Z_1,
          hangedman_vaults_stretched_pinwheel, layout_vaults_ring, serial_shops,
          bzr_entry_customers
Vaults:5
Depths:1: evilmike_negative_zone, layout_cave_pools, serial_shops, freezing_bzr,
          grunt_hell_entry_dis_grunt, minmay_misc_feat_iff,
          nicolae_uskayaw_murder_on_the_dancefloor, uniq_boris
Depths:2: lemuel_river_lethe, pan_entry, abyss_entry, hell_entry, uniq_josephina
Depths:3: minmay_central_circle, layout_cave_shapes, enter_ziggurat_e,
          abyss_entry, nicolae_concentric_dashed_squares_wild,
          rand_demon_pan_entry_8, pf_vacation_house_of_asmodeus,
          serial_sigils_hangedman_snap
Depths:4: grunt_zot_entry_bicorn, layout_cave_pools, hell_entry
Zot:1:    regret_index_all_hallows'_manor, layout_basic, nrook_zot_tub
Zot:2:    lemuel_firehouse, layout_onion_interference,
          regret_index_zotdec_stipple_waver
Zot:3:    layout_onion, basic_altar, grunt_megastairs_5
Zot:4:    grunt_twist_and_shout, layout_cathedral_of_symmetry,
          regret_index_zotdec_serpentine_scales
Zot:5:    layout_misc_corridors, grunt_ministairs_1

Skill      XL: |  1  2  3  4  5  6  7  8  9 10 11 12 13 14 15 16 17 18 19 20 21 22 23 |
---------------+----------------------------------------------------------------------+-----
Polearms       | 4 5 6 8 10 13 16 | 16.0
Shields        | 1 3 5 8 11 12 14 15 17 21 | 21.6
Armour         | 1 5 8 10 12 13 15 16 17 18 19 20 21 22 | 22.0
Fighting       | 3 6 8 10 12 14 15 17 18 19 20 21 22 | 22.0
Invocations    | 1 4 6 8 10 11 13 14 15 16 17 18 | 18.1
Dodging        | 6 8 10 11 13 14 15 16 17 18 19 20 21 22 | 22.0
Throwing       | 6 11 12 | 12.0

Action                     |  1- 3 |  4- 6 |  7- 9 | 10-12 | 13-15 | 16-18 | 19-21 | 22-24 || total
---------------------------+-------+-------+-------+-------+-------+-------+-------+-------++-------
  Melee: Trident           |    88 |   137 |   182 |       |       |       |       |       ||   407
         Headbutt          |    14 |    16 |    46 |   104 |   221 |   346 |   428 |   248 ||  1423
         Punch             |     1 |       |       |       |       |       |       |       ||     1
         Halberd           |       |       |    52 |       |       |       |       |       ||    52
         Spear             |       |       |    32 |       |       |       |       |       ||    32
         Lance             |       |       |    21 |   569 |  1172 |  1501 |  1676 |   903 ||  5842
  Throw: Javelin           |       |       |       |       |     3 |     5 |     1 |       ||     9
 Invoke: Ancestor Identity |       |       |       |     1 |       |       |       |       ||     1
         Recall Ancestor   |       |       |       |     1 |     2 |     2 |     2 |    10 ||    17
         Ancestor Life: Ba |       |       |       |     1 |       |       |       |       ||     1
         Transference      |       |       |       |     1 |       |     1 |     1 |       ||     3
         Idealise          |       |       |       |       |     3 |    10 |     5 |     6 ||    24
  Evoke: Wand              |       |       |       |       |     1 |       |       |     8 ||     9
         Box of beasts     |       |       |       |       |       |     1 |     1 |       ||     2
    Use: Scroll            |       |     9 |    10 |     2 |    15 |     9 |    10 |    18 ||    73
         Potion            |       |       |     5 |       |     6 |     3 |     1 |    23 ||    38
   Stab: Sleeping          |       |     1 |       |       |       |     1 |     2 |       ||     4
         Distracted        |       |       |       |     7 |     6 |    27 |    27 |    14 ||    81
 Armour: Leather armour    |    23 |    18 |       |       |       |       |       |       ||    41
         Ring mail         |       |    15 |   153 |   133 |   420 |   787 |   402 |       ||  1910
         Gold dragon scale |       |       |       |       |       |       |    52 |   507 ||   559
  Dodge: Dodged            |    49 |    56 |    90 |   125 |   355 |   531 |   301 |   185 ||  1692
  Block: Buckler           |       |    16 |    36 |    88 |   268 |   121 |       |       ||   529
         Reflection        |       |       |       |     1 |    35 |    37 |    98 |     8 ||   179
         Kite shield       |       |       |       |       |       |   608 |   744 |   575 ||  1927
